 Dungeon Crawl Stone Soup version 0.20.0-15-g7f486f2 (webtiles) character file.

18 4thArraOfDagon the Conjurer (level 2, 19/25 HPs)
             Began as a Minotaur Conjurer on June 10, 2017.
             Quit the game on level 5 of the Dungeon.
             The game lasted 00:01:43 (607 turns).

4thArraOfDagon the Conjurer (Minotaur Conjurer)      Turns: 607, Time: 00:01:44

Health: 19/25      AC:  2    Str: 12    XL:     2   Next: 48%
Magic:  3/3        EV: 12    Int: 12    God:
Gold:   16         SH:  0    Dex: 10    Spells: 2/3 levels left

rFire    . . .     SeeInvis .   (no weapon)
rCold    . . .     Gourm    .   (no shield)
rNeg     . . .     Faith    .   a - +0 robe
rPois    .         Spirit   .   (helmet restricted)
rElec    .         Reflect  .   (no cloak)
rCorr    .         Harm     .   (no gloves)
MR       .....                  (no boots)
Stlth    ++........             (no amulet)
Regen    0.1/turn               f - ring of wizardry
MPRegen  0.1/turn               (no ring)

@: no status effects
A: retaliatory headbutt, horns 2
a: no special abilities


You were on level 5 of the Dungeon.
You were not hungry.

You visited 1 branch of the dungeon, and saw 5 of its levels.

You collected 16 gold pieces.

Inventory:

Armour
 a - a +0 robe (worn)
Jewellery
 f - a ring of wizardry (left hand)
Scrolls
 d - a scroll of immolation
 e - a scroll of identify
 h - 2 scrolls of remove curse
Books
 b - a book of Conjurations

   Spells                             Type                      Level
   a - Magic Dart                     Conjuration                  1
   b - Searing Ray                    Conjuration                  2
   c - Dazzling Spray                 Conjuration/Hexes            3
   d - Fulminant Prism                Conjuration/Hexes            4
   e - Force Lance                    Conjuration/Translocation    4
   f - Iskenderun's Mystic Blast      Conjuration                  4
Comestibles
 c - 2 bread rations
 g - a meat ration


   Skills:
 + Level 2.6 Fighting
 - Level 2.1 Dodging
 - Level 1.5 Stealth
 - Level 1.3 Spellcasting
 - Level 2.9 Conjurations


You had 2 spell levels left.
You knew the following spells:

 Your Spells              Type           Power        Failure   Level  Hunger
a - Magic Dart            Conj           #...         3%          1    ##.....


Dungeon Overview and Level Annotations

Branches:
Dungeon (4/15)
 Temple: D:4-7

Altars:
Xom


Innate Abilities, Weirdness & Mutations

You reflexively headbutt those who attack you in melee.
You have a pair of horns on your head.


Message History

The big kobold throws a stone.
The stone hits you.
You see here a stone.
Unknown command.
The big kobold hits you with a club.
Unknown command.
Unknown command.
An orc and an orc wizard come into view.
The orc is wielding a dagger of draining.
The orc wizard casts a spell.
The orc wizard flickers and vanishes!
Deactivating autopickup; reactivate with Ctrl-A.
The big kobold hits you with a club.
Unknown command.
You feel better.
The orc shouts!
The big kobold hits you with a club. The big kobold closely misses you.
The kobold throws a stone.
The stone barely misses you.
The stone hits the orc but does no damage.
Unknown command.
Are you sure you want to abandon this character and quit the game? (Confirm with "yes".)

#....# #..'....?K #....##
#..K..KK.. ######..o..#
#..# #.....(....# #..#
#)....o....######K##
#........{.#.......#
#..........#.....#.......#
#..........#.....##.####..
#...(.(..@.#.K...# .#
#.......K.K#.....##.#
#...(...(.K'........#
#..........#.....####
#.(.....#####........
######### #.####### ...
##.## #..


You could see 2 big kobolds, an orc wizard (wandering), an orc and a kobold.

Vanquished Creatures
  An adder (D:2)
  A dart slug (D:2)
  A bat (D:2)
  A giant cockroach (D:1)
  A hobgoblin (D:3)
  A kobold (D:1)
6 creatures vanquished.

Notes
Turn   | Place    | Note
-------+----------+-------------------------------------------
     0 | D:1      | 4thArraOfDagon the Minotaur Conjurer began the quest for the Orb.
     0 | D:1      | Reached XP level 1. HP: 14/14 MP: 1/1
    61 | D:1      | Reached skill level 1 in Fighting
   149 | D:2      | Reached XP level 2. HP: 3/25 MP: 3/3
   541 | D:2      | Found a shimmering altar of Xom.
   567 | D:4      | You fall through a shaft!
   567 | D:5      | Entered Level 5 of the Dungeon
   585 | D:5      | Noticed a big kobold
   585 | D:5      | Noticed a big kobold
   585 | D:5      | Noticed a big kobold
   607 | D:5      | Quit the game

Skill      XL: |  1 |
---------------+----+-----
Fighting       | 2 |  2.6
Dodging        | |  2.1
Stealth        | |  1.5
Spellcasting   | |  1.3
Conjurations   | |  2.9

Action                   || total
-------------------------++-------
Melee: Unarmed           ||    40
       Headbutt          ||     2
 Cast: Magic Dart        ||     3
  Use: Potion            ||     3
       Scroll            ||     2
Armor: Robe              ||     2
Dodge: Dodged            ||    36
